 Dungeon Crawl Stone Soup version 0.24-a0-443-g80245de (webtiles) character file.

Game seed: 5481982198375337328

536 MatthieuS the Magician (level 7, -9/51 HPs)
             Began as a Human Wanderer on June 21, 2019.
             Was a Follower of Kikubaaqudgha.
             Mangled by an iguana (13 damage)
             ... on level 4 of the Dungeon.
             The game lasted 00:13:55 (5223 turns).

MatthieuS the Magician (Human Wanderer)             Turns: 5223, Time: 00:13:56

Health: -9/51      AC:  3    Str: 15    XL:     7   Next: 50%
Magic:  8/13       EV: 10    Int: 16    God:    Kikubaaqudgha [*.....]
Gold:   23         SH:  0    Dex: 13    Spells: 4/14 levels left

rFire    . . .     SeeInvis .   s - -1 demon blade
rCold    . . .     Gourm    .   (no shield)
rNeg     + . .     Faith    .   m - +0 leather armour
rPois    .         Spirit   .   (no helmet)
rElec    .         Reflect  .   (no cloak)
rCorr    .         Harm     .   (no gloves)
MR       .....                  (no boots)
Stlth    ++........             (no amulet)
HPRegen  0.17/turn              b - ring of positive energy
MPRegen  0.13/turn              n - +5 ring of strength

@: lethally poisoned (-9 -> -11), very slightly contaminated
A: no striking features
a: Receive Corpses, Renounce Religion


You were on level 4 of the Dungeon.
You worshipped Kikubaaqudgha.
Kikubaaqudgha was aware of your devotion.
You were hungry.

You visited 1 branch of the dungeon, and saw 5 of its levels.

You collected 143 gold pieces.
You spent 120 gold pieces at shops.

Inventory:

Hand Weapons
 s - a -1 demon blade (weapon)
   (You bought it in a shop on level 5 of the Dungeon)
Missiles
 h - 17 poisoned darts (quivered)
 i - 55 stones
Armour
 m - a +0 leather armour (worn)
   (You took it off a gnoll on level 2 of the Dungeon)
Jewellery
 b - a ring of positive energy (left hand)
   (You found it on level 1 of the Dungeon)
 n - a +5 ring of strength (right hand)
   (You took it off a gnoll on level 2 of the Dungeon)
Wands
 c - a wand of disintegration (7)
   (You found it on level 5 of the Dungeon)
Scrolls
 f - 3 scrolls of teleportation {unknown}
 g - a scroll of remove curse {unknown}
 j - 2 scrolls of enchant armour {unknown}
 k - a scroll of fear {unknown}
 o - 2 scrolls of identify {@r1}
 r - a scroll of random uselessness {unknown}
Comestibles
 e - 9 rations
 p - 10 chunks of flesh


   Skills:
 - Level 2.5 Fighting
 + Level 1.0 Long Blades
   Level 1.1 Polearms
 - Level 1.0 Throwing
 - Level 2.0 Stealth
 - Level 4.0 Spellcasting
 - Level 2.3 Conjurations
 - Level 1.8 Necromancy
   Level 2.0 Transmutations
 - Level 3.2 Fire Magic
   Level 1.0 Ice Magic
   Level 1.0 Air Magic
 - Level 1.9 Earth Magic


You had 4 spell levels left.
You knew the following spells:

 Your Spells              Type           Power        Failure   Level  Hunger
a - Flame Tongue          Conj/Fire      ##...        6%          1    None
b - Throw Flame           Conj/Fire      ##....       10%         2    ##.....
c - Stone Arrow           Conj/Erth      ##....       26%         3    ###....
d - Conjure Flame         Conj/Fire      ##......     19%         3    ###....
z - Animate Skeleton      Necr           N/A          10%         1    None

Your spell library contained the following spells:

 Spells                   Type           Power        Failure   Level  Hunger
 Pain                     Necr           #...         10%         1    None
 Shock                    Conj/Air       #...         11%         1    None
 Sublimation of Blood     Necr           #.........   14%         2    ##.....
 Inner Flame              Hex/Fire       #.......     32%         3    ###....
 Regeneration             Chrm/Necr      #.........   38%         3    ###....
 Sticky Flame             Conj/Fire      ##......     54%         4    ####...
 Fireball                 Conj/Fire      ##........   87%         5    ######.


Dungeon Overview and Level Annotations

Branches:
Dungeon (5/15)             Temple (0/1) D:5

Altars:
Ashenzari
Cheibriados
Dithmenos
Kikubaaqudgha
Uskayaw
The Shining One

Shops:
D:5 *


Message History

The iguana bites you!
* * * LOW HITPOINT WARNING * * *
You catch the helpless iguana completely off-guard!
You hit the iguana.
Some of the chunks of flesh in your inventory have rotted away.
The iguana bites you!
* * * LOW HITPOINT WARNING * * *
You hit the iguana. The iguana bites you.
* * * LOW HITPOINT WARNING * * *
You hit the iguana but do no damage. The iguana closely misses you.
Unknown command.
The iguana bites you but does no damage.
You flicker for a moment.
You flicker back into view.
The iguana hisses angrily.
Found 20 stones.
You hear the slow rusting of a very distant drain.
A worker ant comes into view.
You see here 20 stones.
Throwing (i - inventory. (/) - cycle)
h - 21 poisoned darts (quivered)
Aim: an iguana (heavily wounded)
You throw a poisoned dart.
The poisoned dart barely misses the worker ant.
The poisoned dart hits the iguana.
The iguana hisses menacingly.
The worker ant misses you.
Throwing (i - inventory. (/) - cycle)
h - 20 poisoned darts (quivered)
Aim: an iguana (heavily wounded)
You throw a poisoned dart. The poisoned dart hits the worker ant.
The worker ant is poisoned.
The worker ant barely misses you.
You riposte.
You barely miss the worker ant.
Throwing (i - inventory. (/) - cycle)
h - 19 poisoned darts (quivered)
Aim: an iguana (heavily wounded)
You throw a poisoned dart. The poisoned dart hits the worker ant.
The worker ant looks even sicker.
The worker ant bites you.
* * * LOW HITPOINT WARNING * * *
You are poisoned.
The worker ant poisons you!
Throwing (i - inventory. (/) - cycle)
h - 18 poisoned darts (quivered)
Aim: an iguana (heavily wounded)
You throw a poisoned dart. The poisoned dart hits the worker ant.
The worker ant looks even sicker.
You feel sick. The worker ant bites you.
* * * LOW HITPOINT WARNING * * *
You completely miss the worker ant.
You kill the worker ant!
Kikubaaqudgha accepts your kill.
Your Long Blades skill increases to level 1!
The iguana bites you!
You die...
Kikubaaqudgha rasps: "You have failed me!
Welcome... death!"

####### #.....######### *
##.......@l(...##### ****#
#......#######(....###....
#......# ####.........
#.##..## #.(..#.......
#.###.# ###...##.......
##.###.######..l..#*.......
##..#....l.....#...#*.......
#.....#.##..................
##....#.##..................


You could see an iguana.

Vanquished Creatures
  A sky beast (D:5)
  A jelly (D:5)
  A hound (D:5)
  An orc priest (D:3)
  An orc wizard (D:5)
  2 bullfrog skeletons (D:5)
  An iguana (D:5)
  2 worker ants
  4 gnolls (D:2)
  6 adders
  An ooze (D:2)
  2 worms
  5 dart slugs
  3 leopard geckos
  8 orcs
  A ball python (D:2)
  4 giant cockroaches
  6 goblins
  7 hobgoblins
  4 jackals (D:5)
  4 kobolds
  16 bats
  6 frilled lizards
  10 rats
  A bush (D:1)
98 creatures vanquished.

Vanquished Creatures (collateral kills)
  A jackal (D:5)
  A ball python (D:5)
2 creatures vanquished.

Grand Total: 100 creatures vanquished

Notes
Turn   | Place    | Note
-------+----------+-------------------------------------------
     0 | D:1      | MatthieuS the Human Wanderer began the quest for the Orb.
     0 | D:1      | MatthieuS set off with the following items: a +0 dagger, a
                  | potion of curing {@q1}, a +0 robe, a ration; and the
                  | following spells available to memorise: Flame Tongue,
                  | Shock, Throw Flame, Conjure Flame, Inner Flame, Stone
                  | Arrow, Sticky Flame, Fireball
     0 | D:1      | Reached XP level 1. HP: 13/13 MP: 3/3
     2 | D:1      | Learned a level 1 spell: Flame Tongue
    93 | D:1      | Reached XP level 2. HP: 20/20 MP: 0/5
   866 | D:1      | Reached skill level 1 in Fighting
  1188 | D:1      | Reached XP level 3. HP: 26/26 MP: 3/6
  1648 | D:1      | Learned a level 2 spell: Throw Flame
  1652 | D:1      | Learned a level 3 spell: Conjure Flame
  1777 | D:2      | Found a snail-covered altar of Cheibriados.
  1975 | D:2      | Reached XP level 4. HP: 23/32 MP: 0/8
  2086 | D:2      | Reached skill level 1 in Conjurations
  2175 | D:2      | Found a shadowy altar of Dithmenos.
  2249 | D:2      | Found a glowing golden altar of the Shining One.
  2310 | D:2      | Reached skill level 3 in Spellcasting
  2310 | D:2      | Reached XP level 5. HP: 6/37 MP: 1/9
  3037 | D:2      | Found an ancient bone altar of Kikubaaqudgha.
  3049 | D:2      | Became a worshipper of Kikubaaqudgha
  3060 | D:2      | You fall into a shaft and drop 1 floor!
  3618 | D:3      | Reached XP level 6. HP: 35/43 MP: 2/11
  3927 | D:3      | Found a shattered altar of Ashenzari.
  4118 | D:3      | Found a hide-covered altar of Uskayaw.
  4176 | D:3      | You fall into a shaft and drop 2 floors!
  4176 | D:5      | Entered Level 5 of the Dungeon
  4184 | D:5      | Reached * piety under Kikubaaqudgha
  4184 | D:5      | Identified Kikubaaqudgha's Catalogue of Unholy Rituals
                  | (Kikubaaqudgha gifted it to you on level 5 of the Dungeon)
  4184 | D:5      | Received a gift from Kikubaaqudgha
  4191 | D:5      | Learned a level 1 spell: Animate Skeleton
  4197 | D:5      | Learned a level 3 spell: Stone Arrow
  4366 | D:5      | Reached skill level 1 in Earth Magic
  4370 | D:5      | Reached skill level 1 in Necromancy
  4505 | D:5      | Noticed a sky beast
  4529 | D:5      | Killed a sky beast
  4529 | D:5      | Reached XP level 7. HP: 15/50 MP: 12/12
  4858 | D:5      | Reached skill level 1 in Polearms
  4911 | D:5      | Reached skill level 4 in Spellcasting
  4928 | D:5      | Found a staircase to the Ecumenical Temple.
  4956 | D:5      | Found Ytae's Lightly-Used Armoury.
  4964 | D:5      | Bought a -1 demon blade for 120 gold pieces
  5223 | D:4      | Reached skill level 1 in Long Blades
  5223 | D:4      | Mangled by an iguana

Levels and vault maps discovered:
D:1:      minmay_arrival_doors, layout_loops_ring, minmay_hedge_maze
D:2:      layout_rooms, lemuel_doored_altar, lemuel_crystal_altar,
          nicolae_overflow_crystal_walls, nicolae_overflow_hidden_temple,
          kiku_gazebo_pond_becter, first_ration
D:3:      layout_basic, old_standard_altar, overflow_temple_1_default,
          kennysheep_small_spiral, roderic_batcave, minmay_door_square,
          st_stairs_9
D:4:      layout_rooms, portal_sewer_entry_a
D:5:      layout_basic, minmay_temple_entry_mini_moons, minmay_shop_damaged

Skill      XL: |  1  2  3  4  5  6  7 |
---------------+----------------------+-----
Fighting       | 1 2 |  2.5
Stealth        | 2 |  2.0
Conjurations   | 1 2 |  2.3
Spellcasting   | 3 4 |  4.0
Fire Magic     | 3 |  3.2
Earth Magic    | 1 |  1.9
Necromancy     | 1 |  1.8
Polearms       | 1 |  1.1
Long Blades    | 1 |  1.0
Throwing       | |  1.0
Transmutations | |  2.0
Ice Magic      | |  1.0
Air Magic      | |  1.0

Action                   |  1- 3 |  4- 6 |  7- 9 || total
-------------------------+-------+-------+-------++-------
Melee: Dagger            |   384 |     9 |       ||   393
       Trident           |       |    25 |    10 ||    35
       Morningstar       |       |    22 |       ||    22
       Demon blade       |       |       |    15 ||    15
Throw: Dart              |       |    29 |     4 ||    33
 Cast: Flame Tongue      |    54 |    90 |    10 ||   154
       Conjure Flame     |     1 |       |       ||     1
       Throw Flame       |       |    11 |     7 ||    18
       Animate Skeleton  |       |     5 |     6 ||    11
       Stone Arrow       |       |       |     1 ||     1
Evoke: Wand              |       |     3 |     1 ||     4
  Use: Scroll            |       |       |     2 ||     2
       Potion            |       |       |     2 ||     2
 Stab: Sleeping          |       |     1 |       ||     1
       Invisible         |       |       |     1 ||     1
  Eat: Chunk             |     5 |     9 |     2 ||    16
Armor: Robe              |    14 |       |       ||    14
       Leather armour    |       |    33 |     5 ||    38
Dodge: Dodged            |    31 |    57 |    15 ||   103
       Rpst.: Demon blade |       |       |     4 ||     4

Table legend:
 A = Non-vault XP
 B = Vault XP
 C = Vault XP percentage of total XP
 D = Non-vault monster count
 E = Vault monster count
 F = Vault count percentage of total count
                 A         B        C        D         E       F
            +---------+---------+-------+---------+---------+-------
      Total |     749 |      17 |   2.2 |      87 |      12 |  12.1
            +---------+---------+-------+---------+---------+-------
        D:1 |      48 |       0 |   0.0 |      28 |       0 |   0.0
        D:2 |     140 |       0 |   0.0 |      19 |       0 |   0.0
        D:3 |      95 |      17 |  15.2 |      16 |      12 |  42.9
        D:4 |      34 |       0 |   0.0 |       1 |       0 |   0.0
        D:5 |     432 |       0 |   0.0 |      23 |       0 |   0.0
            +---------+---------+-------+---------+---------+-------
